 Dungeon Crawl Stone Soup version 0.32-a0-20-ge526923d97 (webtiles) character file.

Game seed: 14576572423193389459

4658 jlumianski the Grappler (level 10, -8/76 HPs)
             Began as a Gnoll Shapeshifter on Jan 16, 2024.
             Was a Follower of Wu Jian.
             Mangled by a two-headed ogre
             ... wielding a +0 dire flail
              (25 damage)
             ... on level 6 of the Dungeon on Jan 17, 2024.
             The game lasted 00:29:58 (7285 turns).

jlumianski the Grappler (Gnoll Shapeshifter)        Turns: 7285, Time: 00:30:00

Health: -8/76      AC: 13    Str: 15    XL:     10   Next: 43%
Magic:  18/18      EV:  6    Int: 18    God:    Wu Jian [*.....]
Gold:   116        SH:  0    Dex: 12    Spells: 17/19 levels left

rFire   . . .        P - +11 rapier "Puciz" {freeze, Int+6}
rCold   . . .        (no shield)
rNeg    . . .        f - +1 plate armour {rPois}
rPois   +            v - melded +0 helmet
rElec   .            A - melded +0 cloak
rCorr   .            i - melded +1 pair of gloves
SInv    .            t - melded +1 pair of boots
Will    .....        C - amulet of regeneration Stlth
                     (no ring)
HPRegen 1.12/turn    (no ring)
MPRegen 0.16/turn

%: no passive effects
@: mighty, beast-form
A: beast (slay +4), fangs 1, strong nose, distributed training
a: Begin Untransformation, Renounce Religion


You were on level 6 of the Dungeon.
You worshipped Wu Jian.
Wu Jian was aware of your devotion.
You were a hulking beast.
You visited 2 branches of the dungeon, and saw 10 of its levels.

You collected 410 gold pieces.
You spent 294 gold pieces at shops.

Inventory:

Hand Weapons
 b - a +2 orcbow of flaming
 P - the +11 rapier "Puciz" (weapon) {freeze, Int+6}
   (You bought it in a shop on level 9 of the Dungeon)

   Int+6:     It affects your intelligence (+6).
Missiles
 h - 5 datura-tipped darts
 k - 17 poisoned darts (quivered)
 D - 2 atropa-tipped darts
 F - 4 silver javelins
 G - a boomerang
 I - a throwing net
 K - 6 javelins
 M - a curare-tipped dart
Armour
 a - a +0 animal skin
 e - a +0 chain mail
 f - a +1 plate armour of poison resistance (worn)
 i - a +1 pair of gloves (melded)
 t - a +1 pair of boots (melded)
 v - a +0 helmet (melded)
 w - a +0 pair of gloves
 A - a +0 cloak (melded)
Magical Staves
 q - a staff of earth
Jewellery
 u - an amulet of magic regeneration
 C - an amulet of regeneration (around neck)
 O - an amulet of guardian spirit
Talismans
 c - a beast talisman (active)
 d - a flux talisman
 r - a maw talisman
Wands
 y - a wand of paralysis (7)
Scrolls
 j - a scroll of blinking
 l - a scroll of fog
 m - a scroll of enchant weapon {unknown}
 n - a scroll of amnesia {unknown}
 o - a scroll of silence
 p - a scroll of teleportation
 B - a scroll of noise {unknown}
 H - a scroll of immolation {unknown}
Potions
 g - a potion of attraction
 x - a potion of cancellation
 z - 2 potions of heal wounds {unknown}
 E - a potion of degeneration
 J - a potion of brilliance {unknown}
 L - a potion of resistance {unknown}
 N - a potion of lignification


   Skills:
 + Level 6.1 Fighting
 + Level 5.4 Short Blades
 + Level 5.4 Long Blades
 + Level 5.4 Axes
 + Level 5.4 Maces & Flails
 + Level 5.4 Polearms
 + Level 5.4 Staves
 + Level 5.4 Ranged Weapons
 + Level 5.4 Throwing
 + Level 5.4 Armour
 + Level 7.2 Dodging
 + Level 5.4 Stealth
 + Level 5.4 Shields
 + Level 8.6 Unarmed Combat
 + Level 5.4 Spellcasting
 + Level 4.5 Conjurations
 + Level 4.5 Hexes
 + Level 4.5 Summonings
 + Level 4.5 Necromancy
 + Level 4.5 Translocations
 + Level 4.5 Fire Magic
 + Level 4.5 Ice Magic
 + Level 4.5 Air Magic
 + Level 4.5 Earth Magic
 + Level 4.5 Alchemy
 + Level 6.0 Invocations
 + Level 5.4 Evocations
 + Level 8.3 Shapeshifting


You had 17 spell levels left.
You knew the following spells:

 Your Spells              Type           Power      Damage    Failure   Level
a - Ensorcelled Hibernat  Hex/Ice        42%        N/A       88%         2

Your spell library contained the following spells:

 Spells                   Type           Power      Damage    Failure   Level
 Fugue of the Fallen      Necr           21%        N/A       98%         3
 Anguish                  Hex/Necr       10%        N/A       100%        4
 Animate Dead             Necr           21%        N/A       100%        4
 Haunt                    Necr/Summ      10%        N/A       100%        7
 Infestation              Necr           10%        N/A       100%        8


Dungeon Overview and Level Annotations

Branches:
Dungeon (9/15)             Temple (1/1) D:5
   Lair: D:8-11         Orc: D:9-12

Altars:
Ashenzari
Cheibriados
Elyvilon
Fedhas
Hepliaklqana
Kikubaaqudgha
Makhleb
Nemelex Xobeh
Okawaru
Qazlal
Ru
Sif Muna
Trog
Uskayaw
Vehumet
Wu Jian
Xom
Yredelemnul
The Shining One

Shops:
D:4 (   D:9 *

Annotations:
D:7 2 runed translucent doors


Innate Abilities, Weirdness & Mutations

You are a hulking beast.
Your limbs bulge with bestial killing power. (Slay +4)
You have very sharp teeth.
Your uncanny sense of smell can sniff out nearby items.
Your experience applies equally to all skills.


Message History

The two-headed ogre hits you with a +0 giant spiked club!
* * * LOW HITPOINT WARNING * * *
There is a stone staircase leading down, spattered with blood here.
Blink to where?
Press: ? - help, Dir - move target
As you read the scroll of blinking, it crumbles to dust.
There is a stone staircase leading up here.
You climb upwards.
There is a stone staircase leading down, spattered with blood here.
You start resting.
HP restored.
You climb downwards.
Level annotation: 2 runed translucent doors The two-headed ogre completely misses you.
The two-headed ogre hits you with a +0 giant spiked club!!
There is a stone staircase leading up, spattered with blood here.
The two-headed ogre hits you with a +0 dire flail!
The two-headed ogre hits you with a +0 giant spiked club!!
You climb upwards.
There is a stone staircase leading down, spattered with blood here.
Casting: Ensorcelled Hibernation (dangerous; 88% risk of failure)
Confirm with . or Enter, or press ? or * to list all spells.
Aiming: Ensorcelled Hibernation (dangerous; 88% risk of failure)
Press: ? - help, Shift-Dir - straight line, f - two-headed ogre
Aim: a two-headed ogre, wielding a +0 dire flail and a +0 giant spiked club (chance to affect: 36%)
Okay, then.
Unknown command.
Unknown command.
Unknown command.
Okay, then.
Unknown command.
Unknown command.
You feel very mighty all of a sudden.
You hit the two-headed ogre. You freeze the two-headed ogre.
You bite the two-headed ogre!
The two-headed ogre is moderately wounded.
The two-headed ogre hits you with a +0 dire flail!
* * * LOW HITPOINT WARNING * * *
The two-headed ogre hits you with a +0 giant spiked club!!
You die...

#########
#.......#
#.......#
#.......##########
.....[.........)h#
#.......####.###O#
############.# #.#
#....# #.# #.####
#.# #.# #.# #.#
#.# #.# #.# ##.#
#.#


You could see a two-headed ogre.

Vanquished Creatures
  A two-headed ogre (D:8)
  Sigmund (D:3)
  A shadow (D:9)
  5 yaks (D:8)
  A steam dragon (D:8)
  4 ice beasts
  A black bear (D:3)
  4 sky beasts
  2 ogres
  2 centaurs
  A kobold brigand (D:7)
  3 bullfrogs
  3 scorpions
  3 wights (D:8)
  7 killer bees
  A howler monkey (D:4)
  3 bombardier beetles
  A jelly (D:5)
  4 hounds
  3 orc priests
  A sleepcap (D:7)
  Jessica (D:3)
  Terence (D:2)
  7 iguanas
  An orc wizard (D:4)
  Robin (D:3)
  4 gnolls
  4 adders (D:3)
  3 shadow imps (D:7)
  2 ufetubi
  3 dart slugs
  19 orcs
  5 ball pythons
  6 endoplasms
  3 giant cockroaches
  8 hobgoblins
  7 jackals
  4 quokkas
  6 bats
  3 frilled lizards
  9 goblins
  5 kobolds
  5 rats
159 creatures vanquished.

Notes
Turn   | Place    | Note
-------+----------+-------------------------------------------
     0 | D:1      | jlumianski the Gnoll Shapeshifter began the quest for the
                  | Orb.
     0 | D:1      | Reached XP level 1. HP: 17/17 MP: 1/1
    84 | D:1      | Reached XP level 2. HP: 20/23 MP: 2/2
   249 | D:1      | Reached XP level 3. HP: 28/28 MP: 3/3
   261 | D:1      | Reached skill level 1 in Invocations
   337 | D:2      | Reached skill level 1 in Short Blades
   337 | D:2      | Reached skill level 1 in Long Blades
   337 | D:2      | Reached skill level 1 in Axes
   337 | D:2      | Reached skill level 1 in Maces & Flails
   337 | D:2      | Reached skill level 1 in Polearms
   337 | D:2      | Reached skill level 1 in Staves
   337 | D:2      | Reached skill level 1 in Ranged Weapons
   337 | D:2      | Reached skill level 1 in Throwing
   337 | D:2      | Reached skill level 1 in Armour
   337 | D:2      | Reached skill level 1 in Stealth
   337 | D:2      | Reached skill level 1 in Shields
   337 | D:2      | Reached skill level 1 in Spellcasting
   337 | D:2      | Reached skill level 1 in Evocations
   364 | D:2      | Reached XP level 4. HP: 34/34 MP: 5/5
  1111 | D:3      | Reached skill level 1 in Conjurations
  1111 | D:3      | Reached skill level 1 in Hexes
  1111 | D:3      | Reached skill level 1 in Summonings
  1111 | D:3      | Reached skill level 1 in Necromancy
  1111 | D:3      | Reached skill level 1 in Translocations
  1111 | D:3      | Reached skill level 1 in Fire Magic
  1111 | D:3      | Reached skill level 1 in Ice Magic
  1111 | D:3      | Reached skill level 1 in Air Magic
  1111 | D:3      | Reached skill level 1 in Earth Magic
  1111 | D:3      | Reached skill level 1 in Alchemy
  1115 | D:3      | Noticed Terence
  1128 | D:2      | Killed Terence
  1725 | D:3      | Noticed Sigmund
  1763 | D:3      | Killed Sigmund
  1764 | D:3      | Reached skill level 5 in Dodging
  1764 | D:3      | Reached XP level 5. HP: 30/41 MP: 6/8
  1764 | D:3      | Reached XP level 6. HP: 35/47 MP: 6/9
  1803 | D:3      | Noticed Jessica
  1813 | D:3      | Killed Jessica
  1829 | D:3      | Found a blossoming altar of Fedhas.
  1845 | D:3      | Noticed Robin
  1845 | D:3      | Noticed a black bear
  1862 | D:3      | Killed a black bear
  1870 | D:3      | Killed Robin
  1932 | D:3      | Reached XP level 7. HP: 52/52 MP: 10/10
  2089 | D:4      | Found Tueffoez's Antique Weapon Boutique.
  2517 | D:5      | Entered Level 5 of the Dungeon
  2598 | D:4      | You fall into a shaft and drop 1 floor!
  3554 | D:6      | Reached XP level 8. HP: 53/60 MP: 12/12
  3677 | D:5      | Found a staircase to the Ecumenical Temple.
  3683 | Temple   | Entered the Ecumenical Temple
  4413 | D:7      | Found a hide-covered altar of Uskayaw.
  4563 | D:6      | Reached XP level 9. HP: 50/66 MP: 14/14
  5546 | D:7      | Found a glowing golden altar of the Shining One.
  5549 | D:7      | Found an ornate altar of the Wu Jian Council.
  5572 | D:7      | Became a worshipper of the Wu Jian Council
  5637 | D:7      | Reached skill level 5 in Fighting
  5698 | D:7      | HP: 2/68 [ogre/+0 giant club (9)]
  5775 | D:7      | Found a runed translucent door.
  5775 | D:7      | Found a runed translucent door.
  5775 | D:7      | Found a runed translucent door.
  5775 | D:7      | Noticed a two-headed ogre
  5775 | D:7      | Noticed a centaur warrior
  6035 | D:7      | Reached skill level 5 in Invocations
  6407 | D:8      | HP: 2/68 [killer bee (6)]
  6790 | D:8      | Reached skill level 5 in Short Blades
  6790 | D:8      | Reached skill level 5 in Long Blades
  6790 | D:8      | Reached skill level 5 in Axes
  6790 | D:8      | Reached skill level 5 in Maces & Flails
  6790 | D:8      | Reached skill level 5 in Polearms
  6790 | D:8      | Reached skill level 5 in Staves
  6790 | D:8      | Reached skill level 5 in Ranged Weapons
  6790 | D:8      | Reached skill level 5 in Throwing
  6790 | D:8      | Reached skill level 5 in Armour
  6790 | D:8      | Reached skill level 5 in Stealth
  6790 | D:8      | Reached skill level 5 in Shields
  6790 | D:8      | Reached skill level 5 in Spellcasting
  6790 | D:8      | Reached skill level 5 in Evocations
  6793 | D:8      | Reached XP level 10. HP: 76/76 MP: 17/17
  6850 | D:8      | Learned a level 2 spell: Ensorcelled Hibernation
  6879 | D:9      | Reached * piety under Wu Jian
  6898 | D:9      | Found Kaen's Assorted Antiques.
  6903 | D:9      | Bought a dented jade amulet for 105 gold pieces
  6903 | D:9      | Bought a bloodstained rapier for 189 gold pieces
  6903 | D:9      | Identified the +11 rapier "Puciz" {freeze, Int+6} (You
                  | bought it in a shop on level 9 of the Dungeon)
  6983 | D:8      | Noticed a two-headed ogre
  6994 | D:8      | Killed a two-headed ogre
  7037 | D:8      | Upgraded the game from 0.32-a0-18-g89e19f1974 to
                  | 0.32-a0-20-ge526923d97
  7285 | D:6      | Mangled by a two-headed ogre

Illustrated notes

Levels and vault maps discovered:
D:1:      dpeg_arrival_pond, layout_basic, st_stairs_10
D:2:      layout_basic, grunt_ministairs_15
D:3:      layout_rooms, mainiacjoe_overflow_catwalk, minmay_misc_feat_plants,
          uniq_sigmund, uniq_jessica, uniq_terence, uniq_robin
D:4:      layout_basic, serial_shops, shop
D:5:      layout_cave_pools, minmay_temple_entry_hall
D:6:      layout_basic
D:7:      minmay_the_grid_triangle_9x9_rhombus_full
          [minmay_the_grid_triangle_9x9_from_above,
          minmay_the_grid_triangle_9x9_descending_squares,
          minmay_the_grid_triangle_9x9_negative_grid,
          minmay_the_grid_triangle_9x9_fully_insulated_deathbox,
          minmay_the_grid_triangle_9x9_zippers_vertical,
          minmay_the_grid_triangle_9x9_skeleton,
          minmay_the_grid_triangle_9x9_steps,
          minmay_the_grid_triangle_9x9_prize_center], layout_gridville,
          mainiacjoe_overflow_boulevard, grunt_temple_overflow_open,
          st_stairs_14, chequers_avenue
D:8:      layout_cave_pools, david_lair_shrubbed, minmay_misc_feat_four_crosses,
          minivault_21
D:9:      layout_basic, chequers_temple_overflow_statue_of_worship,
          serial_shops, kennysheep_little_box
Temple:   nicolae_temple_no_exploring_needed

Skill      XL: |  1  2  3  4  5  6  7  8  9 10 |
---------------+-------------------------------+-----
Invocations    | 1 2 3 4 5 6 |  6.0
Short Blades   | 1 2 3 5 |  5.4
Long Blades    | 1 2 3 5 |  5.4
Axes           | 1 2 3 5 |  5.4
Maces & Flails | 1 2 3 5 |  5.4
Polearms       | 1 2 3 5 |  5.4
Staves         | 1 2 3 5 |  5.4
Ranged Weapons | 1 2 3 5 |  5.4
Throwing       | 1 2 3 5 |  5.4
Armour         | 1 2 3 5 |  5.4
Stealth        | 1 2 3 5 |  5.4
Shields        | 1 2 3 5 |  5.4
Spellcasting   | 1 2 3 5 |  5.4
Evocations     | 1 2 3 5 |  5.4
Conjurations   | 1 2 3 4 |  4.5
Hexes          | 1 2 3 4 |  4.5
Summonings     | 1 2 3 4 |  4.5
Necromancy     | 1 2 3 4 |  4.5
Translocations | 1 2 3 4 |  4.5
Fire Magic     | 1 2 3 4 |  4.5
Ice Magic      | 1 2 3 4 |  4.5
Air Magic      | 1 2 3 4 |  4.5
Earth Magic    | 1 2 3 4 |  4.5
Alchemy        | 1 2 3 4 |  4.5
Fighting       | 3 4 5 6 |  6.1
Dodging        | 5 6 7 |  7.2
Unarmed Combat | 7 8 |  8.6
Shapeshifting  | 7 8 |  8.3

Action                     |  1- 3 |  4- 6 |  7- 9 | 10-12 || total
---------------------------+-------+-------+-------+-------++-------
  Melee: Unarmed           |    43 |    83 |   317 |    17 ||   460
         Bite              |     6 |     8 |    39 |     8 ||    61
         Punch             |       |     3 |    14 |     1 ||    18
         Rapier            |       |       |       |    21 ||    21
  Throw: Dart              |       |       |    11 |     5 ||    16
Ability: Lunge             |       |       |     4 |     5 ||     9
         Whirlwind         |       |       |       |     1 ||     1
    Use: Potion            |       |     1 |     7 |     1 ||     9
         Scroll            |       |       |    11 |     1 ||    12
 Armour: Animal skin       |     5 |       |       |       ||     5
         Chain mail        |    26 |    65 |   276 |       ||   367
         Skin              |       |       |    21 |     5 ||    26
         Plate armour      |       |       |       |    24 ||    24
  Dodge: Dodged            |    24 |    16 |   140 |     9 ||   189
   Form: Flux              |       |       |     1 |       ||     1
         Beast             |       |       |       |     1 ||     1

Table legend: (Time is in decaauts)
 A = Elapsed time spent in this place.
 B = Non-inter-level travel time spent in this place.
 C = Inter-level travel time spent in this place.
 D = Time resting spent in this place.
 E = Time spent auto-exploring this place.
 F = Levels seen in this place.
 G = Mean time per level.
                   A        B        C        D        E       F      G
               +--------+--------+--------+--------+--------+-----+--------+
         Total |   7248 |   7049 |    199 |    646 |   3647 |  10 |  724.8 |
       Dungeon |   7199 |   7000 |    199 |    623 |   3647 |   9 |  799.9 |
        Temple |     48 |     48 |      0 |     23 |      0 |   1 |   48.0 |
               +--------+--------+--------+--------+--------+-----+--------+

Top non-repeatable levels by time:
     D:7: 1376 daAuts
     D:4: 1198 daAuts
     D:6: 882 daAuts
     D:2: 861 daAuts
     D:8: 795 daAuts
     D:1: 713 daAuts
     D:5: 692 daAuts
     D:3: 623 daAuts
     D:9: 56 daAuts
  Temple: 48 daAuts
